 Dungeon Crawl Stone Soup version 0.24.0-13-gcf9b319 (webtiles) character file.

Game seed: 9277801462527554905, levelgen mode: deterministic

23116 Bronimir the Cleaver (level 12, -2/103 HPs)
             Began as a Centaur Gladiator on Apr 8, 2020.
             Was a High Priest of Yredelemnul.
             Slain by a death yak (20 damage)
             ... on level 5 of the Lair of Beasts on Apr 9, 2020.
             The game lasted 00:43:43 (14738 turns).

Bronimir the Cleaver (Centaur Gladiator)           Turns: 14738, Time: 00:43:45

Health: -2/103     AC: 15    Str: 24    XL:     12   Next: 69%
Magic:  0/27       EV: 11    Int:  7    God:    Yredelemnul [*****.]
Gold:   574        SH:  0    Dex: 16    Spells: 9/16 levels left

rFire    . . .     SeeInvis .   B - +2 executioner's axe (chop)
rCold    . . .     Gourm    +   (shield currently unavailable)
rNeg     . . .     Faith    .   w - +0 ring mail of Vampiric Thralls {Regen+ Str+3 Dex+2}
rPois    .         Spirit   +   x - +0 helmet
rElec    .         Reflect  .   z - scarf {Spirit}
rCorr    .         Harm     .   (no gloves)
MR       +....                  K - +1 centaur barding
Stlth    ..........             p - amulet of the gourmand
HPRegen  0.67/turn              q - ring of magical power
MPRegen  0.20/turn              L - +2 ring of dexterity

@: very quick
A: large, hooves 3, deformed body, speed 2, magic resistance 1, shaggy fur 1,
tough skin 3
a: Recall Undead Slaves, Injury Mirror, Animate Dead, Drain Life, Enslave Soul,
Renounce Religion


You were on level 5 of the Lair of Beasts.
You worshipped Yredelemnul.
Yredelemnul was extremely pleased with you.
You were full.

You visited 2 branches of the dungeon, and saw 16 of its levels.

You collected 899 gold pieces.
You spent 325 gold pieces at shops.

Inventory:

Hand Weapons
 b - a +0 shortbow
 B - a +2 executioner's axe of chopping (weapon)
 H - a +0 arbalest
Missiles
 n - 29 poisoned darts (quivered)
 t - 345 arrows
Armour
 w - the +0 ring mail of Vampiric Thralls (worn) {Regen+ Str+3 Dex+2}
   (You found it on level 4 of the Dungeon)

   It affects your strength (+3).
   It affects your dexterity (+2).
   It increases your rate of regeneration.
 x - a +0 helmet (worn)
 z - a scarf of spirit shield (worn)
 K - a +1 centaur barding (worn)
 V - a scarf of cloud immunity
Jewellery
 p - an amulet of the gourmand (around neck)
 q - a ring of magical power (left hand)
 J - an uncursed ring of positive energy
 L - a +2 ring of dexterity (right hand)
Wands
 k - a wand of flame (57)
 F - a wand of polymorph (5)
 Q - a wand of clouds (2)
 R - a wand of acid (17)
Scrolls
 g - 2 scrolls of identify
 r - 2 scrolls of remove curse
 A - 2 scrolls of blinking
 D - 3 scrolls of teleportation
 W - a scroll of enchant armour
 Y - a scroll of fear
 Z - a scroll of immolation
Potions
 e - 3 potions of magic
 h - 6 potions of curing
 m - 3 potions of heal wounds
 o - a potion of lignification
 s - 2 potions of agility
 u - a potion of brilliance
 v - a potion of mutation
 E - 2 potions of haste
 G - 2 potions of invisibility
 I - a potion of ambrosia
Miscellaneous
 M - a lightning rod (4/4)
 N - a box of beasts
Comestibles
 f - 33 rations


   Skills:
 + Level 8.6 Fighting
 * Level 11.8 Axes
 + Level 7.2 Bows
 + Level 2.3 Throwing
 - Level 7.0 Armour
 * Level 6.1 Dodging
 * Level 2.6 Spellcasting
 * Level 8.0 Invocations


You had 9 spell levels left.
You knew the following spells:

 Your Spells              Type           Power        Failure   Level  Hunger
a - Corona                Hex            #......      47%         1    ##.....
b - Confuse               Hex            #.......     85%         3    ####...
c - Dazzling Spray        Conj/Hex       #.....       85%         3    ####...

Your spell library contained the following spells:

 Spells                   Type           Power        Failure   Level  Hunger
 Beastly Appendage        Tmut           #.....       47%         1    ##.....
 Flame Tongue             Conj/Fire      #....        47%         1    ##.....
 Shock                    Conj/Air       #...         47%         1    ##.....
 Blink                    Tloc           N/A          63%         2    ###....
 Ensorcelled Hibernation  Hex/Ice        #.....       63%         2    ###....
 Poisonous Vapours        Pois/Air       #.....       63%         2    ###....
 Shroud of Golubria       Chrm/Tloc      #.....       63%         2    ###....
 Sticks to Snakes         Tmut           #.......     63%         2    ###....
 Throw Flame              Conj/Fire      #.....       63%         2    ###....
 Conjure Flame            Conj/Fire      #.......     85%         3    ####...
 Gell's Gravitas          Tloc           #.........   85%         3    ####...
 Inner Flame              Hex/Fire       #.......     85%         3    ####...
 Lesser Beckoning         Tloc           #.........   85%         3    ####...
 Spider Form              Tmut/Pois      #.........   85%         3    ####...
 Teleport Other           Tloc           #.......     85%         3    ####...
 Tukima's Dance           Hex            #.......     85%         3    ####...
 Ice Form                 Ice/Tmut       #.......     99%         4    #####..
 Passage of Golubria      Tloc           N/A          99%         4    #####..
 Sticky Flame             Conj/Fire      #.......     99%         4    #####..
 Blade Hands              Tmut           #.........   100%        5    ######.
 Fireball                 Conj/Fire      #.........   100%        5    ######.
 Yara's Violent Unravell  Hex/Tmut       #.........   100%        5    ######.
 Freezing Cloud           Conj/Ice/Air   #.........   100%        6    #######


Dungeon Overview and Level Annotations

Branches:
Dungeon (11/15)            Temple (0/1) D:4            Lair (5/6) D:11
 Shoals (0/4) Lair:2       Spider (0/4) Lair:2
  Slime: Lair:5-6       Orc: D:9-12

Altars:
Ashenzari
Elyvilon
Qazlal
Trog
Vehumet
Yredelemnul
Zin

Shops:
D:7 :   D:9 :

Annotations:
D:3 1 runed translucent door


Innate Abilities, Weirdness & Mutations

You have hooves in place of feet.
Armour fits poorly on your strangely shaped body.
You cover ground very quickly.
You have extremely tough skin. (AC +3)
You are resistant to hostile enchantments. (MR+)
You are covered in fur. (AC +1)


Message History

The death yak is moderately wounded.
You hit the death yak. You slash the death yak! The death yak gores you!!
* * * LOW HITPOINT WARNING * * *
The death yak barely misses you.
Your phantasmal warrior hits the death yak!!
The death yak dies!
Yredelemnul accepts your kill.
Your Invocations skill increases to level 8!
The death yak misses you.
The death yak gores you but does no damage.
Your phantasmal warrior hits the death yak!
You feel much better. The death yak gores you! The death yak gores you.
Your phantasmal warrior hits the death yak!!
You slash the death yak!
The death yak is almost dead.
You slash the death yak! The death yak gores you!!
* * * LOW HITPOINT WARNING * * *
The death yak gores you!!
You die...
Your body rises from the dead as a mindless zombie.

.. ..... .#....
.....# ......#
....## .......##
.....#
......#.###....##
................
............#..
##..Y@†.....#
#....WY....##
##.<.......#
#........##
#.........#
#.#........#
..........###
.P..........#
..####........#


You could see 2 death yaks and a friendly phantasmal warrior.

Vanquished Creatures
  2 death yaks (Lair:5)
  Urug (D:10)
  A wolf spider (Lair:2)
  2 elephants (Lair:4)
  A spiny frog (Lair:4)
  A komodo dragon (Lair:3)
  3 blink frogs (Lair:2)
  2 trolls
  2 hippogriffs
  A redback (Lair:2)
  17 yaks
  Sigmund (D:5)
  A wyvern (Lair:3)
  A basilisk (D:10)
  3 hungry ghosts
  A steam dragon (D:11)
  Edmund (D:6)
  2 water moccasins (Lair:2)
  Duvessa (D:4)
  An orc warrior (D:9)
  4 porcupines
  2 ice beasts
  2 sky beasts
  A phantom (D:9)
  3 ogres
  15 wolves (Lair:3)
  9 centaurs
  5 crocodiles
  12 bullfrogs
  A big kobold (D:11)
  Dowan (D:4)
  2 scorpions
  3 killer bees
  4 wights (D:9)
  An electric eel (D:10)
  A howler monkey (D:9)
  3 bullfrog zombies
  5 crimson imps
  A quasit (D:9)
  3 orc wizards
  7 hounds
  2 orc priests
  2 bullfrog skeletons
  2 iguanas
  2 hell rats (Lair:1)
  9 worker ants
  A hound zombie (D:7)
  A howler monkey zombie (D:7)
  3 worker ant zombies
  3 gnolls (D:3)
  12 adders
  4 river rats (Lair:1)
  2 shadow imps (D:8)
  An ooze (D:5)
  An adder skeleton (D:5)
  An adder zombie (D:5)
  2 worms
  3 leopard geckos
  15 orcs
  2 ball pythons
  8 giant cockroaches
  4 goblins
  8 hobgoblins
  4 jackals (D:7)
  3 quokkas
  A ball python skeleton (D:4)
  A ball python zombie (D:5)
  8 bats
  A frilled lizard (D:4)
  A jackal skeleton (D:4)
  8 kobolds
  6 rats
  A fungus (D:11)
  4 plants
256 creatures vanquished.

Vanquished Creatures (collateral kills)
  3 hydras
  A two-headed ogre (D:9)
  2 death yaks (Lair:5)
  3 oklob plants (Lair:3)
  An elephant (Lair:4)
  A spiny frog (Lair:1)
  A rime drake (Lair:4)
  2 ice devils (Lair:4)
  A jumping spider (Lair:2)
  A troll (D:11)
  A merfolk (D:9)
  9 blink frogs (Lair:2)
  A snapping turtle (Lair:2)
  4 hippogriffs
  A wyvern (Lair:2)
  7 yaks
  4 basilisks
  A porcupine (D:11)
  7 water moccasins
  3 sky beasts
  3 centaurs (D:11)
  2 ogres
  16 wolves (Lair:3)
  5 crocodiles
  2 bullfrogs
  A scorpion (D:5)
  A killer bee (D:11)
  A crimson imp (D:11)
  A hound (D:10)
  A bullfrog skeleton (D:9)
  An iguana (D:9)
  3 hell rats (Lair:1)
  A worker ant (D:11)
  A worker ant zombie (D:10)
  An orc (D:5)
  3 kobolds (D:11)
  A rat (Lair:1)
  3 bushes (Lair:3)
  6 fungi
  6 plants
113 creatures vanquished.

Vanquished Creatures (others)
  A phantasmal warrior (Lair:5)
  A wraith (Lair:5)
  13 flying skulls
  A water moccasin zombie (D:10)
  A yak zombie (D:10)
  A wight (Lair:1)
  A bullfrog zombie (D:10)
  A killer bee zombie (D:11)
  A hound zombie (D:9)
  A mummy (D:9)
  A scorpion zombie (D:9)
  3 jackal zombies (D:7)
  2 orc zombies
  30 fungi
  13 plants
71 creatures vanquished.

Grand Total: 440 creatures vanquished

Notes
Turn   | Place    | Note
-------+----------+-------------------------------------------
     0 | D:1      | Bronimir the Centaur Gladiator began the quest for the Orb.
     0 | D:1      | Reached XP level 1. HP: 17/17 MP: 1/1
   247 | D:1      | Reached XP level 2. HP: 24/24 MP: 2/2
   347 | D:1      | Reached skill level 3 in Axes
   738 | D:2      | Noticed a phantom
  1568 | D:2      | Reached XP level 3. HP: 14/29 MP: 3/3
  1920 | D:2      | Reached skill level 1 in Armour
  1944 | D:2      | Found a basalt altar of Yredelemnul.
  2083 | D:2      | Found a glowing silver altar of Zin.
  2183 | D:2      | Became a worshipper of Yredelemnul the Dark
  2336 | D:3      | Reached XP level 4. HP: 25/37 MP: 4/4
  2491 | D:3      | Found a white marble altar of Elyvilon.
  3231 | D:3      | Found a radiant altar of Vehumet.
  3667 | D:3      | Reached * piety under Yredelemnul
  3667 | D:3      | Reached skill level 1 in Invocations
  3683 | D:3      | Found a glowing silver altar of Zin.
  3684 | D:3      | Found a runed translucent door.
  3684 | D:3      | Noticed an angel
  3796 | D:4      | Reached XP level 5. HP: 31/42 MP: 5/5
  3798 | D:4      | Reached skill level 4 in Axes
  4585 | D:4      | Got a twisted ring mail
  4596 | D:4      | Identified the +0 ring mail of Vampiric Thralls {Regen+
                  | Str+3 Dex+2} (You found it on level 4 of the Dungeon)
  4723 | D:4      | Found a staircase to the Ecumenical Temple.
  4727 | D:4      | Noticed Duvessa
  4727 | D:4      | Noticed Dowan
  4733 | D:4      | Killed Duvessa
  4733 | D:4      | Reached XP level 6. HP: 37/50 MP: 7/7
  4738 | D:4      | Killed Dowan
  5037 | D:5      | Entered Level 5 of the Dungeon
  5044 | D:5      | Reached skill level 5 in Axes
  5081 | D:5      | Reached XP level 7. HP: 52/57 MP: 8/8
  5121 | D:5      | Reached ** piety under Yredelemnul
  5255 | D:5      | Found a shattered altar of Ashenzari.
  5277 | D:5      | Noticed Sigmund
  5284 | D:5      | Killed Sigmund
  5284 | D:5      | Reached skill level 6 in Axes
  5309 | D:5      | Reached XP level 8. HP: 66/66 MP: 10/10
  5688 | D:6      | Noticed Edmund
  5705 | D:6      | Killed Edmund
  5712 | D:6      | Reached skill level 1 in Bows
  6158 | D:7      | Reached skill level 7 in Axes
  6565 | D:7      | Reached XP level 9. HP: 70/72 MP: 11/11
  6648 | D:7      | Found Ziehoaqi's Book Boutique.
  6885 | D:7      | Found a stormy altar of Qazlal.
  6930 | D:7      | Bought a book of Maledictions for 325 gold pieces
  6932 | D:7      | Learned a level 1 spell: Corona
  6936 | D:7      | Learned a level 3 spell: Confuse
  6940 | D:7      | Learned a level 3 spell: Dazzling Spray
  7199 | D:8      | Found a bloodstained altar of Trog.
  7250 | D:8      | Reached *** piety under Yredelemnul
  7257 | D:8      | Reached skill level 5 in Fighting
  7269 | D:8      | Reached skill level 8 in Axes
  7402 | D:8      | Noticed a troll
  7403 | D:8      | You fall into a shaft and drop 3 floors!
  7432 | D:11     | Noticed a troll
  7459 | D:10     | Entered Level 10 of the Dungeon
  7548 | D:10     | Noticed Urug
  7639 | D:9      | Reached XP level 10. HP: 76/83 MP: 13/13
  7645 | D:9      | Received a gift from Yredelemnul (a mummy)
  7906 | D:9      | Reached skill level 5 in Bows
  7965 | D:9      | Noticed a two-headed ogre
  7983 | D:9      | Killed a two-headed ogre
  7983 | D:9      | Reached skill level 5 in Armour
  7983 | D:9      | Reached skill level 5 in Invocations
  8190 | D:9      | You fall into a shaft and drop 2 floors!
  8264 | D:10     | Reached skill level 9 in Axes
  8561 | D:9      | Received a gift from Yredelemnul (3 flying skulls)
  8680 | D:9      | Got a faintly glowing whip
  8808 | D:9      | Found Cuide's Book Boutique.
  9502 | D:10     | Reached **** piety under Yredelemnul
  9685 | D:10     | Received a gift from Yredelemnul (5 flying skulls)
  9722 | D:10     | Killed Urug
  9722 | D:10     | Reached skill level 5 in Dodging
  9722 | D:10     | Reached XP level 11. HP: 68/92 MP: 15/15
  9970 | D:11     | Received a gift from Yredelemnul (a wraith)
 10186 | D:11     | Found a staircase to the Lair.
 10212 | D:11     | Received a gift from Yredelemnul (a wight)
 10223 | Lair:1   | Entered Level 1 of the Lair of Beasts
 10568 | Lair:1   | Noticed a six-headed hydra
 10578 | Lair:1   | Killed a seven-headed hydra
 10928 | Lair:1   | Noticed a seven-headed hydra
 10934 | Lair:1   | Identified the cursed +1 whip of Jamoenun {slash, Int+2}
                  | (You found it on level 9 of the Dungeon)
 10939 | Lair:1   | Killed a seven-headed hydra
 10976 | Lair:1   | Identified a scroll of acquirement
 11287 | Lair:2   | Reached skill level 10 in Axes
 11287 | Lair:2   | Received a gift from Yredelemnul (5 flying skulls)
 11508 | Lair:2   | Reached skill level 1 in Spellcasting
 11643 | Lair:2   | Noticed a wolf spider
 11645 | Lair:2   | Found a hole to the Spider Nest.
 11649 | Lair:2   | Killed a wolf spider
 11833 | Lair:2   | Found a staircase to the Shoals.
 11942 | Lair:2   | Reached XP level 12. HP: 94/101 MP: 17/17
 12681 | Lair:3   | Received a gift from Yredelemnul (a phantasmal warrior)
 12686 | Lair:3   | Reached ***** piety under Yredelemnul
 12986 | Lair:3   | Reached skill level 11 in Axes
 12997 | Lair:3   | Identified Mef Cagguo's Tome of Aerial Moulding
 13168 | Lair:3   | Received a gift from Yredelemnul (a phantasmal warrior)
 14135 | Lair:1   | Gained mutation: Your spells are a little harder to cast,
                  | but a little more powerful. [potion of mutation]
 14135 | Lair:1   | Gained mutation: You are resistant to hostile enchantments.
                  | (MR+) [potion of mutation]
 14135 | Lair:1   | Lost mutation: Your spells are a little harder to cast, but
                  | a little more powerful. [potion of mutation]
 14135 | Lair:1   | Gained mutation: You are covered in fur. (AC +1) [potion of
                  | mutation]
 14469 | Lair:4   | Noticed a six-headed hydra
 14478 | Lair:4   | Killed a six-headed hydra
 14717 | Lair:5   | Noticed a death yak
 14722 | Lair:5   | Noticed a death yak
 14723 | Lair:5   | Noticed a death yak
 14724 | Lair:5   | Noticed a death yak
 14724 | Lair:5   | Noticed a death yak
 14725 | Lair:5   | Noticed a death yak
 14727 | Lair:5   | Killed a death yak
 14729 | Lair:5   | Killed a death yak
 14733 | Lair:5   | Killed a death yak
 14736 | Lair:5   | Killed a death yak
 14738 | Lair:5   | Slain by a death yak

Levels and vault maps discovered:
D:1:      elethiomel_arrival_shortcut, layout_basic
D:2:      layout_loops_ring, zin_treasury, lemuel_crystal_altar
D:3:      layout_basic, lemuel_round_altar, lemuel_doored_altar,
          lemuel_angel_altar
D:4:      layout_cave_pools, minmay_temple_entry_hall, uniq_duvessa
D:5:      layout_gridville, lemuel_round_altar, first_ration, uniq_sigmund
D:6:      layout_basic, uniq_edmund
D:7:      layout_basic, nicolae_qazlal_eye_of_the_storm, serial_shops,
          kennysheep_mini
D:8:      layout_basic, bloody_trog, fedhas_altar_4
D:9:      minmay_evil_eye, layout_basic, serial_shops, shop_statue,
          hangedman_fish_farm, nicolae_wwwww
D:10:     layout_basic, uniq_urug
D:11:     layout_basic, due_lair_maze_entry_diamond,
          hangedman_decor_diamond_cutter
Lair:1:   layout_layer_cave, kennysheep_abandoned_house
Lair:2:   layout_cave_pods, minmay_shoals_entry_hut,
          spider_nest_entry_funnel_web, serial_bayou_ford_a
Lair:3:   layout_regular_city, minmay_hedge_maze, grunt_forest_large_clearings,
          infiniplex_staircase_pool_2, minmay_lair_oklob_chamber
Lair:4:   layout_long_grid, portal_ice_cave_demonic_guard, enter_volcano_2,
          grunt_megastairs_3
Lair:5:   layout_small_grid, minmay_shattered_shrine

Skill      XL: |  1  2  3  4  5  6  7  8  9 10 11 12 |
---------------+-------------------------------------+-----
Axes           | 3 4 5 6 7 8 9 10 11 | 11.8
Armour         | 1 2 3 4 5 6 7 |  7.0
Invocations    | 1 2 3 4 6 7 8 |  8.0
Fighting       | 3 4 5 7 8 |  8.6
Dodging        | 3 4 5 6 |  6.1
Bows           | 2 4 6 7 |  7.2
Spellcasting   | 1 2 |  2.6
Throwing       | |  2.3

Action                   |  1- 3 |  4- 6 |  7- 9 | 10-12 || total
-------------------------+-------+-------+-------+-------++-------
Melee: War axe           |    99 |    92 |   245 |   246 ||   682
       Kick              |    19 |    24 |    76 |   135 ||   254
       Executioner's axe |       |       |       |   130 ||   130
 Fire: Shortbow          |       |       |    12 |     6 ||    18
Throw: Dart              |     8 |       |       |       ||     8
Invok: Animate Remains   |       |       |     9 |       ||     9
       Animate Dead      |       |       |       |    18 ||    18
       Recall Undead Sla |       |       |       |    11 ||    11
       Injury Mirror     |       |       |       |     1 ||     1
  Use: Scroll            |    10 |       |     5 |    17 ||    32
       Potion            |       |     1 |       |     4 ||     5
 Stab: Distracted        |       |       |       |     5 ||     5
  Eat: Chunk             |     3 |    14 |    11 |    28 ||    56
       Ration            |       |       |     3 |       ||     3
Armor: Leather armour    |    42 |     5 |       |       ||    47
       Ring mail         |       |    33 |   134 |   239 ||   406
Dodge: Dodged            |    68 |    40 |   112 |   232 ||   452
